 Dungeon Crawl Stone Soup version 0.22-a0-422-g9628fc87f1 (webtiles) character file.

98 Kriby the Ducker (level 4, -1/23 HPs)
             Began as a Spriggan Gladiator on May 19, 2018.
             Killed by divine providence
             ... invoked by an orc priest
              (13 damage)
             ... on level 3 of the Dungeon.
             The game lasted 00:03:16 (2569 turns).

Kriby the Ducker (Spriggan Gladiator)               Turns: 2569, Time: 00:03:17

Health: -1/23      AC:  5    Str: 11    XL:     4   Next: 43%
Magic:  5/5        EV: 21    Int:  9    God:
Gold:   140        SH:  0    Dex: 17    Spells: 3/3 levels left

rFire    . . .     SeeInvis +   a - +0 quarterstaff
rCold    . . .     Gourm    .   (shield currently unavailable)
rNeg     . . .     Faith    .   b - +0 robe
rPois    +         Spirit   .   c - +0 hat
rElec    .         Reflect  .   (no cloak)
rCorr    .         Harm     .   (gloves unavailable)
MR       .....                  (boots unavailable)
Stlth    ++........             m - amulet of the acrobat
HPRegen  0.07/turn              e - +3 ring of protection
MPRegen  0.09/turn              j - ring of poison resistance

@: very quick
A: very small, unfitting armour, see invisible, herbivore, speed 3, slow
metabolism 2
a: no special abilities


You were on level 3 of the Dungeon.
You were not hungry.

You visited 1 branch of the dungeon, and saw 3 of its levels.

You collected 140 gold pieces.

Inventory:

Hand Weapons
 a - a +0 quarterstaff (weapon)
Missiles
 d - 2 throwing nets (quivered)
Armour
 b - a +0 robe (worn)
 c - a +0 hat (worn)
Jewellery
 e - a +3 ring of protection (left hand)
 j - a ring of poison resistance (right hand)
 m - an amulet of the acrobat (around neck)
Scrolls
 i - 3 scrolls of teleportation
 k - 2 scrolls of fog
 o - 2 scrolls of identify
Potions
 g - a potion of brilliance {unknown}
 h - a potion of flight {unknown}
 l - a potion of lignification {unknown}
 n - a potion of might {unknown}
 p - a potion of heal wounds {unknown}
Comestibles
 f - 4 rations


   Skills:
 + Level 2.3 Fighting
 * Level 3.2 Staves
 - Level 2.0 Throwing
 + Level 5.3 Dodging


You had 3 spell levels left.
You didn't know any spells.
Your spell library was empty.

Dungeon Overview and Level Annotations

Branches:
Dungeon (3/15)

Altars:


Innate Abilities, Weirdness & Mutations

You are very small and have problems with some larger weapons.
You are too small for most types of armour.
You have supernaturally acute eyesight. (SInv)
You are a herbivore.
You cover ground extremely quickly.
You need to consume almost no food.


Message History

The orc priest is lightly wounded.
The orc priest struggles against the net.
You catch the helpless orc priest completely off-guard!
You hit the orc priest.
The orc priest is heavily wounded.
The orc priest struggles against the net.
You completely miss the orc priest.
The orc priest is heavily wounded.
The orc priest calls down the wrath of Beogh upon you.
Pain shoots through your body!
The orc priest struggles against the net.
You barely miss the orc priest.
The orc priest is heavily wounded.
You catch the helpless orc priest completely off-guard!
You hit the orc priest.
The orc priest is severely wounded.
The orc priest calls down the wrath of Beogh upon you.
Beogh smites you!
Ouch! That really hurt!
You die...

#.# #..)..>†.........# #.#
#####.........#### #.#
##..####### #.# #..#
######.### ##..#####
....†....######.......#
.#####.#............#.#######
.# #.########..o...<.......
.# #.# #.@..<#####.### .#
#.########.....# .#
#........<..#### .#
#########...# .## #.........#
..# #.#####...# #.# ##.#
#...# #.#####[.# #...#
#.......## #...#


You could see an orc priest (caught).

Vanquished Creatures
  A worker ant (D:3)
  5 worms
  3 dart slugs
  2 orcs (D:2)
  2 giant cockroaches
  2 goblins (D:1)
  6 hobgoblins
  7 jackals
  3 kobolds
  A quokka (D:3)
  A ball python (D:2)
  10 bats
  2 frilled lizards (D:3)
  6 rats
51 creatures vanquished.

Notes
Turn   | Place    | Note
-------+----------+-------------------------------------------
     0 | D:1      | Kriby the Spriggan Gladiator began the quest for the Orb.
     0 | D:1      | Reached XP level 1. HP: 10/10 MP: 2/2
   168 | D:1      | Reached XP level 2. HP: 10/15 MP: 3/3
  1002 | D:2      | Reached XP level 3. HP: 18/18 MP: 4/4
  1129 | D:2      | Reached skill level 5 in Dodging
  1439 | D:2      | Found a faded altar of an unknown god.
  1836 | D:3      | Reached XP level 4. HP: 15/23 MP: 5/5
  2569 | D:3      | Killed from afar by an orc priest

Vault maps used:
D:1:      minmay_arrival_nine_rooms
D:2:      chequers_ecumenical_altar_simple
D:3:      lemuel_statue_altar

Skill      XL: |  1  2  3 |
---------------+----------+-----
Fighting       | 2 |  2.3
Dodging        | 5 |  5.3
Staves         | 3 |  3.2
Throwing       | |  2.0

Action                   |  1- 3 |  4- 6 || total
-------------------------+-------+-------++-------
Melee: Quarterstaff      |   139 |    65 ||   204
Throw: Throwing net      |     1 |     1 ||     2
  Use: Scroll            |     6 |       ||     6
       Potion            |     2 |       ||     2
 Stab: Sleeping          |     2 |       ||     2
       Held in net/web   |       |     2 ||     2
Armor: Robe              |    31 |    11 ||    42
Dodge: Dodged            |   151 |    71 ||   222

Table legend:
 A = Spawn XP
 B = Non-spawn XP
 C = Spawn XP percentage of total XP
 D = Spawn monster count
 E = Non-spawn monster count
 F = Spawn count percentage of total count
 G = Total turns spent on level
                    A         B        C        D         E        F      G
               +---------+---------+-------+---------+---------+-------+---------
         Total |       0 |     140 |   0.0 |       0 |      51 |   0.0 |  2569
               +---------+---------+-------+---------+---------+-------+---------
           D:1 |       0 |      28 |   0.0 |       0 |      15 |   0.0 |   904
           D:2 |       0 |      50 |   0.0 |       0 |      21 |   0.0 |   967
           D:3 |       0 |      62 |   0.0 |       0 |      15 |   0.0 |   698
               +---------+---------+-------+---------+---------+-------+---------
